 Dungeon Crawl Stone Soup version 0.32-a0-520-g344ed53f66 (webtiles) character file.

Game seed: 7827786544022246360

383 Sanktem7 the Chopper (level 6, -4/55 HPs)
             Began as a Minotaur Fighter on Feb 27, 2024.
             Slain by a lemure (8 damage)
             ... led by Pikel
             ... on level 4 of the Dungeon.
             The game lasted 00:03:47 (2272 turns).

Sanktem7 the Chopper (Minotaur Fighter)             Turns: 2272, Time: 00:03:47

Health: -4/55      AC: 12    Str: 22    XL:     6   Next: 47%
Magic:  5/5        EV:  3    Int:  5    God:
Gold:   27         SH: 12    Dex: 10    Spells: 5/5 levels left

rFire   + . .        a - +0 war axe {axe}
rCold   . . .        r - +0 tower shield
rNeg    . . .        n - +0 plate armour {rF+}
rPois   +            (helmet restricted)
rElec   .            l - scarf {repulsion}
rCorr   .            (no gloves)
SInv    .            (no boots)
Will    .....        (no amulet) Stlth
                     p - ring of poison resistance
HPRegen 0.29/turn    (no ring)
MPRegen 0.09/turn

%: repel missiles
@: no status effects
A: horns 2, retaliatory headbutt
a: no special abilities


You were on level 4 of the Dungeon.
You visited 1 branch of the dungeon, and saw 4 of its levels.

You collected 120 gold pieces.
You spent 93 gold pieces at shops.


Innate Abilities, Weirdness & Mutations

You have a pair of horns on your head.
You reflexively headbutt those who attack you in melee.


   Skills:
 + Level 4.9 Fighting
 * Level 5.3 Axes
 + Level 2.1 Throwing
 + Level 4.8 Armour
 + Level 4.9 Shields


You had 5 spell levels left.
You didn't know any spells.
Your spell library contained the following spells:

 Spells                   Type           Power      Damage    Failure   Level
 Apportation              Tloc           0%         N/A       100%        1
 Jinxbite                 Hex            0%         N/A       100%        2
 Alistair's Intoxication  Alch           0%         N/A       100%        5

Inventory:

Hand Weapons
 a - a +0 war axe (weapon) {axe}
Missiles
 e - 53 stones (quivered) {throwing}
 v - 5 poisoned darts {throwing}
Armour
 l - a scarf of repulsion (worn)
   (You found it on level 1 of the Dungeon)
 n - a +0 plate armour of fire resistance (worn)
   (You found it on level 2 of the Dungeon)
 r - a +0 tower shield (worn)
   (You bought it in a shop on level 2 of the Dungeon)
Jewellery
 p - a ring of poison resistance (left hand)
   (You took it off a goblin on level 2 of the Dungeon)
 w - a ring of protection from cold
   (You took it off a hobgoblin on level 3 of the Dungeon)
Wands
 t - a wand of flame (24)
   (You found it on level 3 of the Dungeon)
Scrolls
 g - 2 scrolls of noise {unknown}
 h - 2 scrolls of teleportation {unknown}
 i - a scroll of blinking {unknown}
 j - 4 scrolls of identify {unknown}
 k - a scroll of immolation {unknown}
 m - a scroll of vulnerability {unknown}
 o - a scroll of poison {unknown}
 q - a scroll of fog {unknown}
Potions
 b - 3 potions of enlightenment {unknown}
 c - 3 potions of attraction {unknown}
 d - 2 potions of might
 f - 2 potions of resistance {unknown}
 s - a potion of haste {unknown}
 u - 2 potions of curing {@q1}
 x - a potion of degeneration {unknown}

Dungeon Overview and Level Annotations

Branches:
Dungeon (4/15) Zot: 21644
 Temple: D:4-7

Altars:

Shops:
D:2 [   D:4 (*

Annotations:
D:4 Pikel

######################
........##...........#
......55.............#
...>..K@##...........#
...?..55##...........###
.....<.######.....<....#
######. #..........# ..
###.....÷....# ...
#≈≈≈.........# ...
#≈∩≈.........# ###.
#≈.≈.........#
##...........#


You could see Pikel and 4 lemures.


Message History

An endoplasm comes into view.
The endoplasm quivers.
An endoplasm is nearby!
An endoplasm is nearby!
The endoplasm jiggles.
A quokka comes into view.
You block the endoplasm's attack.
You barely miss the endoplasm. You headbutt the endoplasm.
You block the endoplasm's attack. The endoplasm freezes you.
You are frozen. 😕 HP[-1]
You take 1 damage, and now have 54/55 hp.
You slash the endoplasm!
You kill the endoplasm!
You block the quokka's attack. 😎 HP[+1]
Your hp is fully restored (55).
You hit the quokka but do no damage. You block the quokka's attack.
The quokka bites you. 😕 HP[-2]
You take 2 damage, and now have 53/55 hp.
You hit the quokka. Your headbutt misses the quokka.
The quokka bites you but does no damage.
You block the quokka's attack.
You slash the quokka!
You kill the quokka! 😕 HP[+1] No target in view!
No target in view!
No target in view!
No target in view!
No target in view!
Items here: ))) [ †.
You see here a +0 dagger {short}.
Key pressed, stopping explore.
A lemure comes into view.
Found a scroll labelled AMPEUT QAIFA.
Found a stone staircase leading down.
The lemure shouts!
You hear a shout! x2
A lemure comes into view.
The lemure moves out of view. 😎 HP[+1]
Your hp is fully restored (55).
A lemure is nearby!
A lemure is nearby!
Found an escape hatch in the ceiling.
The lemure shouts!
Pikel, Merchant of Souls comes into view.
He is wielding a +1 whip of flaming and wearing a +0 robe of willpower. 2 lemures come into view.
The lemure shouts! x2
The lemure hits you but does no damage.
You slash the lemure! You headbutt the lemure! You hit the lemure.
The lemure hits you but does no damage. x3
You closely miss the lemure. You barely miss Pikel. You barely miss the lemure.
You block the lemure's attack. The lemure hits you!
Pikel hits you but does no damage. 😕 HP[-7]
You take 7 damage, and now have 48/55 hp.
You hit the lemure. You closely miss the lemure.
You hit Pikel but do no damage. You hit the lemure. The lemure hits you. x2
You block Pikel's attack.
Pikel says, "I knew I should've brought a map."
Pikel hits you with a +1 whip of flaming.
You block the lemure's attack. x3 😕 HP[-4]
You take 4 damage, and now have 44/55 hp.
You closely miss the lemure. You slash the lemure! You hit the lemure.
You hit the lemure but do no damage. You hit Pikel but do no damage.
You block the lemure's attack. The lemure hits you but does no damage.
The lemure hits you.
Pikel hits you with a +1 whip of flaming!
The lemure hits you. You block the lemure's attack.
Pikel completely misses you. The lemure hits you.
* * * LOW HITPOINT WARNING * * *
You block the lemure's attack.
The lemure hits you but does no damage. 😨 HP[-18]
You take 18 damage, and now have 26/55 hp.
MASSIVE DAMAGE!! (PAUSE)
You slash Pikel! You closely miss the lemure. You hit the lemure.
You hit the lemure but do no damage. You barely miss the lemure.
The lemure hits you.
* * * LOW HITPOINT WARNING * * *
The lemure hits you!
* * * LOW HITPOINT WARNING * * *
The lemure completely misses you. You furiously retaliate!
You headbutt the lemure, but do no damage.
Pikel hits you but does no damage. The lemure hits you.
* * * LOW HITPOINT WARNING * * *
😨 HP[-11]
You take 11 damage, and now have 15/55 hp.
You hit Pikel but do no damage. You closely miss the lemure.
You barely miss the lemure. You hit the lemure. x2
You block the lemure's attack.
The lemure hits you but does no damage. x2
You block Pikel's attack. You block the lemure's attack. The lemure hits you!
* * * LOW HITPOINT WARNING * * *
You block Pikel's attack. The lemure hits you but does no damage.
The lemure hits you.
* * * LOW HITPOINT WARNING * * *
The lemure hits you!
You die...

Skill      XL: |  1  2  3  4  5  6 |
---------------+-------------------+-----
Axes           | 3 4 5 |  5.3
Shields        | 4 |  4.9
Fighting       | 4 |  4.9
Armour         | 4 |  4.8
Throwing       | 1 2 |  2.1

Action                     |  1- 3 |  4- 6 || total
---------------------------+-------+-------++-------
  Melee: War axe           |    71 |    98 ||   169
         Headbutt          |    12 |    11 ||    23
 Armour: Scale mail        |    15 |       ||    15
         Chain mail        |    17 |       ||    17
         Plate armour      |    25 |    86 ||   111
  Dodge: Dodged            |    33 |    14 ||    47
         Repelled          |     1 |       ||     1
  Block: Buckler           |     7 |       ||     7
         Tower shield      |     8 |    95 ||   103

Levels and vault maps discovered:
D:1:      onia_arrival_zoo_common, layout_loops_ring, minmay_tromino_v7
D:2:      layout_loops_cross, shapermc_ecumenical_altar_acropolis, serial_shops,
          nicolae_shop_pleasant_corner_grove
D:3:      layout_rooms, chequers_serial_rivers_room_b, uniq_natasha
D:4:      layout_basic, serial_shops, nicolae_stop_n_shop_2,
          nicolae_shop_tiny_waterfront, uniq_pargi, uniq_pikel

Notes
Turn   | Place    | Note
-------+----------+-------------------------------------------
     0 | D:1      | Sanktem7 the Minotaur Fighter began the quest for the Orb.
     0 | D:1      | Reached XP level 1. HP: 19/19 MP: 0/0
     0 | D:1      | magus.rc [v1.9.6]
     8 | D:1      | Noticed a swamp drake
     8 | D:1      | Noticed a black mamba
     8 | D:1      | Noticed a lindwurm
    10 | D:1      | Noticed a snapping turtle
   214 | D:1      | Reached XP level 2. HP: 22/27 MP: 1/1
   253 | D:1      | Reached skill level 3 in Axes
   746 | D:2      | Reached skill level 4 in Shields
   746 | D:2      | Reached XP level 3. HP: 33/33 MP: 2/2
   812 | D:2      | Reached skill level 4 in Fighting
   822 | D:2      | Reached skill level 4 in Armour
   854 | D:2      | Found a faded altar of an unknown god.
  1167 | D:2      | Found Uruturoz's Armour Shoppe.
  1175 | D:2      | Bought a +0 tower shield for 54 gold pieces
  1374 | D:3      | Reached XP level 4. HP: 40/40 MP: 3/3
  1450 | D:3      | You pick up a book of Party Tricks and begin reading...
  1450 | D:3      | You add the spells Apportation, Jinxbite and Alistair's
                  | Intoxication to your library.
  1550 | D:3      | Reached skill level 1 in Throwing
  1603 | D:3      | Noticed a sky beast
  1612 | D:3      | Killed a sky beast
  1613 | D:3      | Reached skill level 4 in Axes
  1613 | D:3      | Reached XP level 5. HP: 36/47 MP: 4/4
  1773 | D:3      | Noticed Natasha
  1778 | D:3      | Killed Natasha
  1965 | D:3      | Noticed Natasha
  1971 | D:3      | Killed Natasha
  1972 | D:3      | Reached XP level 6. HP: 53/53 MP: 5/5
  2037 | D:4      | Found Googayk's Weapon Shop.
  2040 | D:4      | Reached skill level 5 in Axes
  2077 | D:4      | Found Paoza's General Store.
  2093 | D:4      | Reached skill level 2 in Throwing
  2180 | D:4      | Bought a potion of curing for 39 gold pieces
  2264 | D:4      | Noticed Pikel
  2272 | D:4      | HP: 7/55 [lemure[Pikel] (8)]
  2272 | D:4      | Slain by a lemure

Vanquished Creatures
  A sky beast (D:3)
  A phantom (D:4)
  2 orc priests
  Natasha (twice) (D:3)
  4 adders
  2 dart slugs (D:1)
  A ribbon worm (D:4)
  8 orcs
  4 ball pythons
  6 endoplasms
  3 giant cockroaches
  4 goblins
  5 hobgoblins
  5 quokkas
  3 bats
  5 frilled lizards
  7 kobolds
  4 rats
67 creatures vanquished.

Table legend:
 A = Non-vault XP
 B = Vault XP
 C = Vault XP percentage of total XP
 D = Non-vault monster count
 E = Vault monster count
 F = Vault count percentage of total count
                 A         B        C        D         E       F
            +---------+---------+-------+---------+---------+-------
      Total |     506 |      42 |   7.7 |      63 |       4 |   6.0
            +---------+---------+-------+---------+---------+-------
        D:1 |      25 |       7 |  21.9 |      15 |       3 |  16.7
        D:2 |      62 |       0 |   0.0 |      15 |       0 |   0.0
        D:3 |     255 |      35 |  12.1 |      23 |       1 |   4.2
        D:4 |     164 |       0 |   0.0 |      10 |       0 |   0.0
            +---------+---------+-------+---------+---------+-------

Skill      XL: |  1  2  3  4  5  6 |
---------------+-------------------+-----
Axes           | 3 4 5 |  5.3
Shields        | 4 |  4.9
Fighting       | 4 |  4.9
Armour         | 4 |  4.8
Throwing       | 1 2 |  2.1

Action                     |  1- 3 |  4- 6 || total
---------------------------+-------+-------++-------
  Melee: War axe           |    71 |    98 ||   169
         Headbutt          |    12 |    11 ||    23
 Armour: Scale mail        |    15 |       ||    15
         Chain mail        |    17 |       ||    17
         Plate armour      |    25 |    86 ||   111
  Dodge: Dodged            |    33 |    14 ||    47
         Repelled          |     1 |       ||     1
  Block: Buckler           |     7 |       ||     7
         Tower shield      |     8 |    95 ||   103

Illustrated notes

Table legend:
 A = Kills in this place as a percentage of kills in the entire game.
 B = Kills by you in this place as a percentage of kills by you in the entire game.
 C = Kills by friends in this place as a percentage of kills by friends in the entire game.
 D = Other kills in this place as a percentage of other kills in the entire game.
 E = Experience gained in this place as a percentage of experience gained in the entire game.
 F = Experience gained in this place divided by the number of levels of this place that you have seen.
                   A       B       C       D       E      F
               +-------+-------+-------+-------+-------+----------------------
         Total | 100.0 | 100.0 |   N/A |   N/A | 100.0 | 137.0
       Dungeon | 100.0 | 100.0 |   N/A |   N/A | 100.0 | 137.0
               +-------+-------+-------+-------+-------+----------------------

Table legend: (Time is in decaauts)
 A = Elapsed time spent in this place.
 B = Non-inter-level travel time spent in this place.
 C = Inter-level travel time spent in this place.
 D = Time resting spent in this place.
 E = Time spent auto-exploring this place.
 F = Levels seen in this place.
 G = Mean time per level.
                   A        B        C        D        E       F      G
               +--------+--------+--------+--------+--------+-----+--------+
         Total |   2353 |   2267 |     86 |      0 |   1770 |   4 |  588.2 |
       Dungeon |   2353 |   2267 |     86 |      0 |   1770 |   4 |  588.2 |
               +--------+--------+--------+--------+--------+-----+--------+

Top non-repeatable levels by time:
     D:1: 750 daAuts
     D:3: 716 daAuts
     D:2: 631 daAuts
     D:4: 255 daAuts
